 Dungeon Crawl Stone Soup version 0.30-a0-723-gc1506a1cf0 (webtiles) character file.

Game seed: 2009010119983387413

2572 Lobster4 the Trooper (level 9, -10/68 HPs)
             Began as a Human Wanderer on Jan 28, 2023.
             Was an Initiate of Nemelex Xobeh.
             Mangled by a hornet (11 damage)
             ... on level 7 of the Dungeon.
             The game lasted 00:26:19 (7706 turns).

Lobster4 the Trooper (Human Wanderer)               Turns: 7706, Time: 00:26:20

Health: -10/68     AC:  7    Str: 14    XL:     9   Next: 87%
Magic:  5/15       EV: 14    Int: 13    God:    Nemelex Xobeh [......]
Gold:   355        SH:  0    Dex: 15    Spells: 13/17 levels left

rFire   . . .      SeeInvis .    a - +2 falchion (protect)
rCold   . . .      Faith    .    (no shield)
rNeg    + + .      Spirit   .    o - +1 robe {rN+}
rPois   .          Reflect  .    (no helmet)
rElec   .          Harm     .    s - +1 cloak
rCorr   .          Rampage  .    c - +1 pair of gloves
Will    .....                    (no boots)
Stlth   ++                       (no amulet)
HPRegen 0.31/turn                f - ring of positive energy
MPRegen 0.14/turn                (no ring)

@: lethally poisoned (-10 -> -13), freezing walls, slowed, very slow
A: no striking features
a: Renounce Religion, Draw Escape, Draw Destruction, Draw Summoning


You were on level 7 of the Dungeon.
You worshipped Nemelex Xobeh.
Nemelex Xobeh was noncommittal.
You visited 2 branches of the dungeon, and saw 8 of its levels.

You collected 355 gold pieces.

Inventory:

Hand Weapons
 a - a +2 falchion of protection (weapon)
 b - a +0 sling
 h - a +0 dagger of protection
 j - a +1 spear of venom
 w - a +1 trident of flaming
Missiles
 u - 10 boomerangs (quivered)
Armour
 c - a +1 pair of gloves (worn)
 e - a +0 leather armour
 g - a +0 ring mail
 m - the +0 helmet of Subonwo {rF- Regen+ Stlth+}
   (You took it off Robin on level 3 of the Dungeon)

   rF:        It makes you vulnerable to fire.
   Regen:     It increases your rate of health regeneration.
   Stlth:     It makes you more stealthy.
 o - a +1 robe of positive energy (worn)
 s - a +1 cloak (worn)
Magical Staves
 A - a staff of earth
Jewellery
 f - a ring of positive energy (left hand)
 q - an amulet of faith
 y - a ring of ice
 G - a +5 ring of evasion
Wands
 d - a wand of iceblast (3)
 F - a wand of flame (19)
Scrolls
 l - 2 scrolls of teleportation
 t - 4 scrolls of blinking
 x - a scroll of identify
 B - 2 scrolls of magic mapping
 C - a scroll of amnesia
 E - a scroll of summoning {unknown}
Potions
 i - a potion of curing
 k - 3 potions of magic {unknown}
 n - a potion of cancellation
 p - a potion of heal wounds
 r - a potion of degeneration {unknown}
 v - 4 potions of brilliance
 z - a potion of might {unknown}
 D - a potion of haste


   Skills:
 + Level 5.3 Fighting
 - Level 5.0 Long Blades
 - Level 3.0 Throwing
 + Level 4.7 Armour
 + Level 4.6 Dodging
 - Level 1.0 Stealth
 + Level 4.6 Spellcasting
 + Level 5.1 Ice Magic
 - Level 3.0 Invocations
 + Level 2.7 Evocations


You had 13 spell levels left.
You knew the following spells:

 Your Spells              Type           Power      Damage    Failure   Level
a - Freeze                Ice            64%        1d7       2%          1
b - Frozen Ramparts       Ice            32%        1d5       7%          3

Your spell library contained the following spells:

 Spells                   Type           Power      Damage    Failure   Level
 Ozocubu's Armour         Ice            16%        N/A       7%          3
 Hailstorm                Conj/Ice       9%         3d4       21%         3
 Ignite Poison            Fire/Tmut/Pois 3%         N/A       52%         3
 Kindle Blastsparks       Fire/Tloc/Air  6%         2d10      52%         3
 Portal Projectile        Hex/Tloc       6%         N/A       52%         3
 Tukima's Dance           Hex            3%         N/A       52%         3
 Freezing Cloud           Conj/Ice/Air   3%         6-21      95%         5
 Blade Hands              Tmut           1%         N/A       99%         5
 Chain Lightning          Conj/Air       1%         3d2       100%        9
 Fire Storm               Conj/Fire      1%         8d1       100%        9
 Shatter                  Erth           1%         3d6*      100%        9


Dungeon Overview and Level Annotations

Branches:
Dungeon (7/15)             Temple (1/1) D:5

Altars:
Ashenzari
Cheibriados
Dithmenos
Elyvilon
Fedhas
Gozag
Hepliaklqana
Kikubaaqudgha
Makhleb
Nemelex Xobeh
Okawaru
Qazlal
Ru
Sif Muna
Trog
Uskayaw
Vehumet
Wu Jian
Xom
Yredelemnul
Zin
The Shining One

Shops:
D:4 :

Annotations:
D:3 Grinder, Sigmund
D:5 Pikel


Message History

You feel yourself slow down.
Casting: Freeze (safe; 2% risk of failure)
Confirm with . or Enter, or press ? or * to list all spells.
Casting: Frozen Ramparts (dangerous; 7% risk of failure)
Press: ? - help, Dir - look around, f - activate The walls around you are covered in ice.
You feel very sick.
The wall freezes the hornet but does no damage.
The hornet stings you!
You feel as though you will be slow longer.
The wall freezes the hornet.
The hornet completely misses you.
Casting: Frozen Ramparts (dangerous; 7% risk of failure)
Confirm with . or Enter, or press ? or * to list all spells.
Aiming: Freeze (safe; 2% risk of failure)
Press: ? - help, Shift-Dir - straight line, f - hornet
Aim: a hornet (heavily wounded)
You freeze the hornet.
The hornet is heavily wounded.
You feel very sick.
The wall freezes the hornet but does no damage.
The hornet stings you!
* * * LOW HITPOINT WARNING * * *
You feel as though you will be slow longer.
The wall freezes the hornet.
The hornet barely misses you.
Your magical contamination has completely faded away.
You barely miss the hornet.
The hornet is severely wounded.
You feel sick.
The wall freezes the hornet.
The hornet closely misses you.
The wall freezes the hornet but does no damage.
The hornet closely misses you.
You miss the hornet.
The hornet is severely wounded.
You feel yourself speed up.
You feel sick.
The wall freezes the hornet.
The hornet stings you!
* * * LOW HITPOINT WARNING * * *
You feel yourself slow down.
The wall freezes the hornet.
The hornet stings you but does no damage.
The wall freezes the hornet.
The hornet stings you!
You die...
Your body disappears without a glow.

### ### #.######
####.######......#######
##..#...##........<##.#.## ##
#.............##@y..#†#..##.###
...........#######.......#....#
......!..[## #...........#
..........# #..###..#..(.###
.......#.## ####..#...##.....#
.......#######....y..........#
...(...... .........##.....##..
...[.....##....#..#######...#
.. ...............#.. #...#....


You could see a hornet.

Vanquished Creatures
  Prince Ribbit (D:6)
  A steam dragon (D:7)
  2 water moccasins
  A black bear (D:7)
  2 sky beasts
  4 ogres
  Blork the orc (D:5)
  A gnoll sergeant (D:6)
  2 bullfrogs
  6 scorpions
  5 electric eels (D:6)
  A howler monkey (D:4)
  3 hounds
  2 jellies (D:5)
  2 orc priests
  An iguana (D:4)
  An orc wizard (D:4)
  Robin (D:3)
  14 gnolls
  9 adders
  5 worms
  4 dart slugs
  13 orcs
  8 endoplasms
  4 giant cockroaches
  14 goblins
  14 hobgoblins
  9 jackals
  6 kobolds
  7 quokkas
  3 ball pythons
  6 bats
  4 frilled lizards
  4 rats
161 creatures vanquished.

Vanquished Creatures (others)
  11 plants (D:2)
11 creatures vanquished.

Grand Total: 172 creatures vanquished

Notes
Turn   | Place    | Note
-------+----------+-------------------------------------------
     0 | D:1      | Lobster4 the Human Wanderer began the quest for the Orb.
     0 | D:1      | Lobster4 set off with the following items: a +2 falchion, 9
                  | boomerangs, a +0 dagger, a scroll of fear, a +0 leather
                  | armour; and the following spell memorised: Freeze; and the
                  | following spells available to memorise: Ozocubu's Armour.
     0 | D:1      | Reached XP level 1. HP: 16/16 MP: 2/2
   110 | D:1      | Reached XP level 2. HP: 17/22 MP: 3/3
   398 | D:1      | Reached XP level 3. HP: 26/27 MP: 4/4
   431 | D:1      | Reached skill level 1 in Dodging
   990 | D:2      | Reached skill level 1 in Armour
  1066 | D:2      | Reached XP level 4. HP: 20/34 MP: 6/6
  1653 | D:2      | Reached XP level 5. HP: 24/39 MP: 7/7
  2725 | D:3      | Identified the +0 helmet of Subonwo {rF- Regen+ Stlth+}
  2725 | D:3      | Noticed Robin
  2761 | D:3      | Killed Robin
  2899 | D:3      | Found a faded altar of an unknown god.
  2988 | D:3      | Reached XP level 6. HP: 40/46 MP: 8/8
  3031 | D:3      | Reached skill level 1 in Stealth
  3124 | D:3      | Noticed Grinder
  3124 | D:3      | Noticed Sigmund
  3436 | D:4      | Found a hide-covered altar of Uskayaw.
  3729 | D:4      | Found Maqam's Book Shoppe.
  3910 | D:4      | Reached XP level 7. HP: 52/52 MP: 10/10
  4358 | D:5      | Entered Level 5 of the Dungeon
  4469 | D:5      | Found a staircase to the Ecumenical Temple.
  4536 | D:5      | Reached skill level 5 in Long Blades
  4563 | D:5      | Noticed Blork the orc
  4593 | D:5      | Killed Blork the orc
  4774 | D:5      | Reached XP level 8. HP: 60/60 MP: 12/12
  5017 | D:5      | Noticed Pikel
  5512 | Temple   | Entered the Ecumenical Temple
  5712 | Temple   | Became a worshipper of Nemelex Xobeh the Trickster
  6079 | D:6      | Reached skill level 1 in Invocations
  6095 | D:6      | Reached skill level 1 in Evocations
  6095 | D:6      | Reached XP level 9. HP: 66/66 MP: 14/14
  6649 | D:6      | Reached skill level 5 in Fighting
  6777 | D:6      | Noticed Prince Ribbit
  6811 | D:6      | Killed Prince Ribbit
  7212 | D:7      | Noticed a hornet
  7220 | D:7      | Paralysed by a hornet for 2 turns
  7242 | D:7      | Learned a level 3 spell: Frozen Ramparts
  7368 | D:7      | Reached skill level 5 in Ice Magic
  7706 | D:7      | HP: 1/68 [hornet (13)]
  7706 | D:7      | Mangled by a hornet

Illustrated notes

Levels and vault maps discovered:
D:1:      ebering_hopf_link, layout_loops_ring, minmay_misc_feat_alley,
          chequers_serial_rivers_micro_e
D:2:      wad_woods_settlement, layout_basic
D:3:      layout_basic, shapermc_ecumenical_altar_pompeii, uniq_sigmund,
          uniq_grinder, uniq_robin
D:4:      layout_cave_pods, mainiacjoe_overflow_boulevard, serial_shops,
          nicolae_shop_temple_entry_statues_fountains
D:5:      cheibrodos_helix_gallery, layout_basic,
          minmay_temple_entry_from_below_a, uniq_pikel, uniq_blork_the_orc
D:6:      layout_cave_pools, minmay_fountain_box,
          minmay_misc_feat_secret_circle, kennysheep_boxes, uniq_prince_ribbit1
D:7:      layout_cave_pools
Temple:   minmay_crystal_snake_temple

Skill      XL: |  1  2  3  4  5  6  7  8  9 |
---------------+----------------------------+-----
Dodging        | 1 2 3 4 |  4.6
Armour         | 1 2 3 4 |  4.7
Ice Magic      | 2 3 4 5 |  5.1
Stealth        | 1 |  1.0
Spellcasting   | 2 3 4 |  4.6
Throwing       | 3 |  3.0
Fighting       | 3 4 5 |  5.3
Long Blades    | 5 |  5.0
Invocations    | 1 3 |  3.0
Evocations     | 1 2 |  2.7

Action                     |  1- 3 |  4- 6 |  7- 9 || total
---------------------------+-------+-------+-------++-------
  Melee: Falchion          |    80 |   267 |   274 ||   621
         Punch             |     1 |     3 |     4 ||     8
  Throw: Boomerang         |     4 |    11 |    97 ||   112
         Throwing net      |       |       |     1 ||     1
   Cast: Freeze            |       |     7 |    21 ||    28
         Frozen Ramparts   |       |       |     5 ||     5
  Evoke: Wand              |       |       |     2 ||     2
    Use: Scroll            |       |    10 |     8 ||    18
         Potion            |       |     1 |     2 ||     3
   Stab: Sleeping          |       |     2 |     1 ||     3
 Armour: Leather armour    |    22 |       |       ||    22
         Robe              |     4 |    81 |   137 ||   222
  Dodge: Dodged            |    25 |   162 |   159 ||   346

Table legend: (Time is in decaauts)
 A = Elapsed time spent in this place.
 B = Non-inter-level travel time spent in this place.
 C = Inter-level travel time spent in this place.
 D = Time resting spent in this place.
 E = Time spent auto-exploring this place.
 F = Levels seen in this place.
 G = Mean time per level.
                   A        B        C        D        E       F      G
               +--------+--------+--------+--------+--------+-----+--------+
         Total |   7802 |   7313 |    489 |    750 |   4720 |   8 |  975.2 |
       Dungeon |   7588 |   7138 |    450 |    750 |   4568 |   7 | 1084.0 |
        Temple |    213 |    174 |     39 |      0 |    152 |   1 |  213.0 |
               +--------+--------+--------+--------+--------+-----+--------+

Top non-repeatable levels by time:
     D:6: 1559 daAuts
     D:2: 1495 daAuts
     D:4: 993 daAuts
     D:5: 964 daAuts
     D:1: 963 daAuts
     D:3: 936 daAuts
     D:7: 676 daAuts
  Temple: 213 daAuts
